 Dungeon Crawl Stone Soup version 0.28.0-1-gb440e238dd (webtiles) character file.

Game seed: 10760067967571188673

332 horus123 the Magician (level 6, -3/32 HPs)
             Began as a Deep Elf Conjurer on Feb 21, 2022.
             Killed from afar by Natasha (6 damage)
             ... with a magic dart
             ... on level 3 of the Dungeon.
             The game lasted 00:05:12 (3071 turns).

horus123 the Magician (Deep Elf Conjurer)           Turns: 3071, Time: 00:05:12

Health: -3/32      AC:  3    Str:  4    XL:     6   Next: 26%
Magic:  18/18      EV: 12    Int: 25    God:
Gold:   100        SH:  0    Dex: 13    Spells: 2/19 levels left

rFire   . . .      SeeInvis .   (no weapon)
rCold   . . .      Faith    .   (no shield)
rNeg    . . .      Spirit   .   a - +0 robe
rPois   .          Reflect  .   j - +0 helmet
rElec   .          Harm     .   (no cloak)
rCorr   .          Rampage  .   (no gloves)
Will    .....                   (no boots)
Stlth   ++........              (no amulet)
HPRegen 0.10/turn               (no ring)
MPRegen 0.16/turn               (no ring)

@: no status effects
A: no striking features
a: no special abilities


You were on level 3 of the Dungeon.
You visited 1 branch of the dungeon, and saw 4 of its levels.

You collected 100 gold pieces.

Inventory:

Armour
 a - a +0 robe (worn)
 j - a +0 helmet (worn)
 p - an orb of energy
Wands
 l - a wand of mindburst (16)
 o - a wand of digging (5)
Scrolls
 e - 2 scrolls of amnesia
 g - a scroll of magic mapping
 h - a scroll of silence
 k - a scroll of fear
 q - a scroll of enchant armour {unknown}
Potions
 b - 2 potions of flight
 c - a potion of degeneration {unknown}
 d - a potion of lignification {unknown}
 f - 2 potions of cancellation
 i - a potion of mutation {unknown}
 m - a potion of haste {unknown}
 n - a potion of heal wounds {unknown}


   Skills:
 - Level 2.4 Dodging
 - Level 2.4 Stealth
 - Level 7.1 Spellcasting
 - Level 5.0 Conjurations
 + Level 4.3 Hexes


You had 2 spell levels left.
You knew the following spells:

 Your Spells              Type           Power      Damage    Failure   Level
a - Magic Dart            Conj           100%       1d8       1%          1
b - Searing Ray           Conj           68%        2d6       1%          2
c - Fulminant Prism       Conj/Hex       16%        3d11      10%         4
d - Iskenderun's Mystic   Conj/Tloc      21%        2d6       24%         4
e - Ensorcelled Hibernat  Hex/Ice        38%        N/A       4%          2
f - Anguish               Hex/Necr       9%         N/A       26%         4

Your spell library contained the following spells:

 Spells                   Type           Power      Damage    Failure   Level
 Dazzling Flash           Conj/Hex       64%        N/A       3%          3
 Spider Form              Tmut/Pois      8%         N/A       21%         3


Dungeon Overview and Level Annotations

Branches:
Dungeon (4/15)
 Temple: D:4-7

Altars:

Annotations:
D:3 Natasha


Message History

You climb upwards.
There is a stone staircase leading down here.
Casting: Searing Ray (safe; 1% risk of failure)
Confirm with . or Enter, or press ? or * to list all spells.
Aiming: Searing Ray (safe; 1% risk of failure)
Press: ? - help, Shift-Dir - straight line, f - hound
Aim: a hound (73% to hit)
The searing ray hits the hound.
The hound is moderately wounded. (Press . to maintain the ray.)
The hound misses you.
The searing ray hits the hound.
The hound is heavily wounded.
The hound closely misses you. The hound barely misses you.
The searing ray hits the hound!
You kill the hound!
Your Hexes skill increases to level 4!
You start resting.
HP restored.
You start resting.
Magic restored.
Natasha, Servant of Life and Death comes into view.
She is carrying a wand of flame (3).
Natasha moves out of view.
Natasha claws you.
Natasha mumbles some strange words.
Natasha glows brightly for a moment.
Natasha claws you!
Natasha zaps a wand.
The puff of flame hits you!
Natasha zaps a wand.
The puff of flame hits you!
* * * LOW HITPOINT WARNING * * *
There is an open door here.
Natasha zaps a wand.
The puff of flame hits you!
* * * LOW HITPOINT WARNING * * *
The now-empty wand crumbles to dust.
Natasha casts a spell at you. You resist with some effort.
It was a potion of cancellation.
You feel magically purged. Natasha casts a spell at you.
The magic dart hits you.
You die...

############ #...........
########## #######...........
#........# #.(...#...........
#........#######.....#...........
.........'......@....h...........
#........#######.....#...........
#........# #.....#...........
'........# ##################
#...)....# #### #........#
########... #........# #####
#.....##... #.#.###### #...#
#(....##...
........######...######.....##...


You could see Natasha.

Vanquished Creatures
  A hound (D:3)
  Jessica (D:2)
  Terence (D:2)
  Ijyb (D:3)
  Natasha (twice) (D:3)
  Robin (D:2)
  3 gnolls (D:2)
  7 adders
  A worm (D:3)
  2 dart slugs
  3 orcs (D:3)
  4 bats
  2 endoplasms
  2 giant cockroaches
  14 goblins
  5 hobgoblins
  2 jackals (D:1)
  A quokka (D:2)
  8 ball pythons
  6 frilled lizards
  6 kobolds
  2 rats
75 creatures vanquished.

Notes
Turn   | Place    | Note
-------+----------+-------------------------------------------
     0 | D:1      | horus123 the Deep Elf Conjurer began the quest for the Orb.
     0 | D:1      | Reached XP level 1. HP: 10/10 MP: 6/6
   267 | D:1      | Reached skill level 4 in Spellcasting
   267 | D:1      | Reached XP level 2. HP: 15/15 MP: 7/9
   807 | D:1      | Learned a level 2 spell: Searing Ray
   845 | D:2      | Noticed Terence
   850 | D:2      | Noticed Robin
   851 | D:2      | Killed Terence
   852 | D:2      | Reached skill level 5 in Spellcasting
   852 | D:2      | Reached XP level 3. HP: 15/19 MP: 2/12
  1070 | D:2      | Killed Robin
  1071 | D:2      | Reached skill level 6 in Spellcasting
  1071 | D:2      | Reached XP level 4. HP: 24/24 MP: 2/14
  1140 | D:2      | Noticed Jessica
  1145 | D:2      | Killed Jessica
  1305 | D:2      | Learned a level 4 spell: Fulminant Prism
  1310 | D:2      | Learned a level 4 spell: Iskenderun's Mystic Blast
  1414 | D:2      | Reached skill level 7 in Spellcasting
  1414 | D:2      | Reached XP level 5. HP: 28/28 MP: 8/16
  1943 | D:2      | Reached skill level 5 in Conjurations
  2121 | D:3      | Found a faded altar of an unknown god.
  2124 | D:3      | Reached skill level 1 in Hexes
  2159 | D:3      | Noticed Natasha
  2164 | D:3      | Killed Natasha
  2179 | D:3      | Noticed Natasha
  2187 | D:3      | Killed Natasha
  2519 | D:3      | Noticed Ijyb
  2527 | D:3      | Killed Ijyb
  2528 | D:3      | Reached XP level 6. HP: 32/32 MP: 10/18
  2778 | D:3      | Learned a level 2 spell: Ensorcelled Hibernation
  2783 | D:3      | Learned a level 4 spell: Anguish
  3053 | D:3      | Noticed Natasha
  3071 | D:3      | Killed from afar by Natasha

Illustrated notes

Levels and vault maps discovered:
D:1:      psy_arrival_whirlpool, layout_basic
D:2:      layout_rooms, minmay_fountain_box, uniq_robin, uniq_jessica,
          uniq_terence
D:3:      layout_basic, hellmonk_ecumenical_altar_lost_god, uniq_ijyb,
          uniq_natasha
D:4:      layout_rooms, serial_shops, nicolae_diamond_shop

Skill      XL: |  1  2  3  4  5  6 |
---------------+-------------------+-----
Spellcasting   | 4 5 6 7 |  7.1
Conjurations   | 5 |  5.0
Hexes          | 3 4 |  4.3
Dodging        | |  2.4
Stealth        | |  2.4

Action                   |  1- 3 |  4- 6 || total
-------------------------+-------+-------++-------
 Cast: Magic Dart        |    50 |    79 ||   129
       Searing Ray       |     2 |     9 ||    11
  Use: Scroll            |     4 |     1 ||     5
       Potion            |       |     1 ||     1
Armor: Robe              |     5 |     2 ||     7
Dodge: Dodged            |    17 |    13 ||    30
